Map: Kairos Junction LE

Players

Zanster - Winner!

  • Race: Zerg Zerg
  • Spawn Location: 5:00

HaPe

  • Race: Protoss Protoss
  • Spawn Location: 11:00

Event: 2019 WCS Spring

VOD

Have the link to the VOD?

Description

Time

  • Played on: May 17, 2019, 8 a.m.
  • Length: 4:39

All games in this series

Show
View Real Time Build Order
Export as new Build Order

Zanster Zerg - Winner!

Build Orders: Hatch First 

Get SALT Encoding   

  12  0:00  Drone  
  13  0:13  Overlord  
  13  0:17  Drone  
  14  0:31  Drone x2  
  16  0:48  Hatchery  
  15  0:51  Drone  
  15  0:55  Drone  
  17  0:59  Drone  
  18  1:10  Extractor  
  17  1:13  Spawning Pool  
  17  1:16  Drone  
  17  1:19  Drone  
  18  1:29  Drone  
  19  1:41  Drone  
  20  1:51  Drone  
  21  2:02  Queen x2  
  21  2:03  Zergling x4  
  27  2:10  Spine Crawler  
  27  2:11  Metabolic Boost  
  27  2:14  Zergling x2  
  27  2:15  Zergling x2  
  28  2:22  Spine Crawler  
  27  2:24  Zergling x2  
  28  2:31  Overlord  
  28  2:51  Zergling x8  
  30  2:56  Queen  
  30  2:58  Queen  
  31  3:02  Zergling x2  
  33  3:14  Zergling x4  
  31  3:20  Zergling x4  
  31  3:25  Zergling x2  
  31  3:26  Zergling x2  
  28  3:42  Zergling x2  
  28  3:43  Zergling x8  
  33  3:49  Zergling x2  
  33  3:54  Zergling x4  
  36  4:01  Overlord  
  35  4:20  Zergling x10  
Show
View Real Time Build Order
Export as new Build Order

HaPe Protoss 

Build Orders:  

Get SALT Encoding   

  1  0:00  Probe  
  12  0:05  Probe  
  14  0:15  Probe  
  15  0:32  Pylon  
  15  0:51  Gateway  
  15  0:52  Gateway  
  15  0:56  Gateway  
  15  1:06  Gateway  
  15  1:29  Zealot  
  15  1:30  Pylon  
  15  1:38  Zealot  
  19  1:43  Zealot  
  21  1:53  Zealot  
  23  1:55  Zealot  
  25  2:05  Zealot  
  27  2:10  Pylon  
  27  2:13  Zealot  
  29  2:20  Zealot  
  31  2:39  Zealot x2  
  34  2:48  Zealot  
  36  2:55  Zealot  
  38  3:04  Pylon  
  38  3:22  Zealot x2  
  38  3:24  Zealot  
  38  3:26  Zealot  
  32  3:51  Zealot x2  
  36  3:59  Zealot  
  36  4:00  Zealot  
Tags
 
Add a new tag
Caveats
  • Supply blocks, unpowered buildings, or Contaminate may cause inaccurate times.
  • Supply counts are checked every 10 seconds.